General information
- name: BNet
- type: Ladder 1vs1/FFA
- host: Battle.net
- saver: gaybabby420
map: TwistedMeadows
- players: 2
- length: 10:57
- speed: Fast
- version: 1.24 W3XP
- replay type: Public
» download(44 KB)
Players
team 1 (winner)

»
gaybabby420 (
teal | 163 APM | 1782 actions | 10:57)
3 Tauren Chieftain
1 War Stomp
2 Endurance Aura
» actions
| Assign group hotkey | 575 | |
| Basic commands | 70 | |
| Build / train | 43 | |
| ESC pressed | 1 | |
| Enter build submenu | 12 | |
| Enter hero's abilities submenu | 3 | |
| Give item / drop item | 1 | |
| Right click | 632 | |
| Select / deselect | 180 | |
| Select group hotkey | 224 | |
| Use ability | 41 | |
1782 total
» units
| Peon | 7 | |
| Grunt | 3 | |
| Troll Headhunter/Berserker | 19 | |
29 total
» upgrades
» buildings
| Altar of Storms | 1 | |
| Orc Burrow | 4 | |
| Barracks | 2 | |
| War Mill | 1 | |
| Voodoo Lounge | 1 | |
9 total
» build order
00:08 Altar of Storms
00:19 Orc Burrow
00:34 Barracks
01:40 Orc Burrow
02:07 Barracks
02:23 War Mill
02:58 Voodoo Lounge
03:46 Orc Burrow
07:05 Orc Burrow
» items
| Dust of Appearance | 1 | |
| Scroll of Speed | 2 | |
| Healing Salve | 2 | |
| Lesser Clarity Potion | 2 | |
7 total
team 2 (loser)
aG]Honey (
red | 101 APM | 1104 actions | 10:55)
3 Keeper of the Grove
2 Entangling Roots
1 Force of Nature
» actions
| Assign group hotkey | 50 | |
| Build / train | 30 | |
| ESC pressed | 1 | |
| Enter build submenu | 10 | |
| Enter hero's abilities submenu | 3 | |
| Right click | 653 | |
| Select / deselect | 202 | |
| Select group hotkey | 117 | |
| Use ability | 38 | |
1104 total
» units
» buildings
| Altar of Elders | 1 | |
| Moon Well | 4 | |
| Ancient of War | 2 | |
| Hunter's Hall | 1 | |
| Ancient of Wonders | 1 | |
| Tree of Life | 1 | |
10 total
» build order
00:08 Altar of Elders
00:18 Moon Well
01:40 Ancient of War
01:43 Hunter's Hall
02:05 Ancient of War
02:35 Moon Well
02:37 Moon Well
03:46 Ancient of Wonders
05:44 Tree of Life
06:35 Moon Well
» items
Chat log
(10:55 / All) aG]Honey: gg